 Dungeon Crawl Stone Soup version 0.26.1-11-gd32895ea62 (webtiles) character file.

Game seed: 7136849307256457166

137 Zeld the Sneak (level 5, -2/34 HPs)
             Began as an Octopode Brigand on May 14, 2021.
             Slain by a water moccasin (7 damage)
             ... in a sewer.
             The game lasted 00:04:08 (2627 turns).

Zeld the Sneak (Octopode Brigand)                   Turns: 2627, Time: 00:04:09

Health: -2/34      AC:  1    Str: 11    XL:     5   Next: 20%
Magic:  8/8        EV: 13    Int: 13    God:
Gold:   132        SH:  0    Dex: 14    Spells: 8/8 levels left

rFire    . . .     SeeInvis .   a - +2 dagger
rCold    . . .     Faith    .   (no shield)
rNeg     . . .     Spirit   .   (helmet restricted)
rPois    .         Reflect  .   (no amulet)
rElec    .         Harm     .   (no ring)
rCorr    .         Rampage  .   (no ring)
Will     .....                  (no ring)
Stlth    ++++......             (no ring)
HPRegen  0.11/turn              (no ring)
MPRegen  0.11/turn              (no ring)
                                (no ring)
                                (no ring)

@: lethally poisoned (-2 -> -20)
A: almost no armour, stealthy swim, amphibious, 8 rings, constrict 8, camouflage
1, gelatinous body 1
a: no special abilities


You were in a sewer.
You visited 1 branch of the dungeon, and saw 3 of its levels.
You also visited: Sewer.

You collected 132 gold pieces.

Inventory:

Hand Weapons
 a - a +2 dagger (weapon)
Missiles
 b - 3 poisoned darts (quivered)
 c - 2 curare-tipped darts
Scrolls
 d - a scroll of blinking {unknown}
 e - 2 scrolls of identify {unknown}
 h - a scroll of fog {unknown}
 i - 3 scrolls of teleportation {unknown}
 k - a scroll of enchant armour {unknown}
 m - 3 scrolls of immolation {unknown}
Potions
 f - a potion of haste {unknown}
 g - 4 potions of heal wounds
 j - 3 potions of invisibility {unknown}
 l - 2 potions of brilliance {unknown}


   Skills:
 - Level 2.0 Fighting
 * Level 4.4 Short Blades
 - Level 2.0 Throwing
 - Level 1.0 Dodging
 - Level 5.3 Stealth
 + Level 2.2 Spellcasting


You had 8 spell levels left.
You didn't know any spells.
Your spell library was empty.

Dungeon Overview and Level Annotations

Branches:
Dungeon (3/15)              Sewer (1/1)

Altars:
Nemelex Xobeh
Ru
Trog
Yredelemnul


Innate Abilities, Weirdness & Mutations

You cannot wear most types of armour.
You are very stealthy in the water. (Stealth+)
You are amphibious.
You can wear up to eight rings at the same time.
You can use your tentacles to constrict eight enemies at once.
Your skin changes colour to match your surroundings (Stealth+).
Your rubbery body absorbs attacks. (AC +1, EV +1)


Message History

The water moccasin is heavily wounded.
You constrict the water moccasin.
You feel sick. The water moccasin bites you.
You hit the water moccasin but do no damage.
The water moccasin is severely wounded.
You constrict the water moccasin.
You feel sick. The water moccasin bites you.
You are too injured to fight recklessly!
You are too injured to fight recklessly!
You hit the water moccasin.
The water moccasin is almost dead.
You constrict the water moccasin. The water moccasin bites you.
The water moccasin bites you!
* * * LOW HITPOINT WARNING * * *
You are more poisoned.
The water moccasin poisons you!
You hit the water moccasin but do no damage.
The water moccasin is almost dead.
You constrict the water moccasin.
* * * LOW HITPOINT WARNING * * *
You feel sick. The water moccasin bites you!
You die...

# #### # ....## ##
[ ## .....### #.
$.##. #≈≈...### #.
##.... #.≈.≈.###≈
((≈(.≈# ##...≈≈..≈
#.....###
###.....###≈
#(.S@.####≈≈...###
#.
###....≈≈....###
#. ###....≈.### ##
######## # # #


You could see a water moccasin.

Vanquished Creatures
  Jessica (D:3)
  Terence (D:2)
  An adder (D:3)
  2 gnolls
  2 worms (D:2)
  2 leopard geckos (D:1)
  6 giant cockroaches
  6 hobgoblins
  4 jackals
  A quokka (D:2)
  A ball python (D:2)
  6 bats
  2 frilled lizards
  3 goblins (D:2)
  11 kobolds
  5 rats
54 creatures vanquished.

Vanquished Creatures (others)
  5 plants (D:3)
5 creatures vanquished.

Grand Total: 59 creatures vanquished

Notes
Turn   | Place    | Note
-------+----------+-------------------------------------------
     0 | D:1      | Zeld the Octopode Brigand began the quest for the Orb.
     0 | D:1      | Reached XP level 1. HP: 14/14 MP: 1/1
    93 | D:1      | Reached XP level 2. HP: 19/19 MP: 2/2
   922 | D:2      | Reached skill level 1 in Spellcasting
   966 | D:2      | Reached XP level 3. HP: 24/24 MP: 4/4
  1344 | D:2      | Found a basalt altar of Yredelemnul.
  1344 | D:2      | Found a bloodstained altar of Trog.
  1379 | D:2      | Noticed Terence
  1393 | D:2      | Killed Terence
  1394 | D:2      | Reached XP level 4. HP: 24/29 MP: 4/6
  1933 | D:2      | Found a sacrificial altar of Ru.
  2098 | D:3      | Found a sparkling altar of Nemelex Xobeh.
  2250 | D:3      | Noticed Jessica
  2258 | D:3      | Killed Jessica
  2259 | D:3      | Reached XP level 5. HP: 34/34 MP: 8/8
  2313 | D:3      | Found a glowing drain.
  2504 | Sewer    | Entered a sewer
  2615 | Sewer    | Noticed a water moccasin
  2627 | Sewer    | Slain by a water moccasin

Illustrated notes

Levels and vault maps discovered:
D:1:      matt_arrival_grand_opening, layout_basic, minmay_misc_feat_five
D:2:      layout_loops_ring, marbit_many_paths, amethyst_overflow_temple_binary,
          uniq_terence
D:3:      layout_basic, serial_forest, infiniplex_forest_corner_1,
          infiniplex_forest_lined_3_way, infiniplex_forest_straight_5,
          infiniplex_forest_end_2, infiniplex_forest_corner_1,
          infiniplex_forest_straight_2, infiniplex_forest_lined_room_3,
          infiniplex_forest_end_double, infiniplex_forest_zigzag_1,
          gup_sewer_entry_spiral, nemelex_diamond_rough_becter, uniq_jessica
Sewer:    sewer_the_moccasin

Skill      XL: |  1  2  3  4 |
---------------+-------------+-----
Spellcasting   | 1 2 |  2.2
Short Blades   | 3 4 |  4.4
Fighting       | |  2.0
Throwing       | |  2.0
Dodging        | |  1.0
Stealth        | |  5.3

Action                   |  1- 3 |  4- 6 || total
-------------------------+-------+-------++-------
Melee: Dagger            |    59 |    49 ||   108
       Constrict         |    15 |    10 ||    25
       Tentacles         |    10 |     8 ||    18
Throw: Dart              |     3 |     4 ||     7
 Stab: Sleeping          |     8 |     9 ||    17
Armor: Skin              |     4 |     7 ||    11
Dodge: Dodged            |    32 |    33 ||    65
